 Dungeon Crawl Stone Soup version 0.23-a0-183-gf37f6fb (webtiles) character file.

142 galech the Skirmisher (level 5, -2/41 HPs)
             Began as a Demonspawn Fighter on Sept 21, 2018.
             Killed by divine providence
             ... invoked by an orc priest
              (13 damage)
             ... on level 3 of the Dungeon.
             The game lasted 00:01:48 (1366 turns).

galech the Skirmisher (Demonspawn Fighter)          Turns: 1366, Time: 00:01:49

Health: -2/41      AC:  7    Str: 17    XL:     5   Next: 4%
Magic:  5/5        EV:  7    Int:  9    God:
Gold:   166        SH:  9    Dex: 13    Spells: 4/4 levels left

rFire    . . .     SeeInvis .   a - +0 war axe
rCold    . . .     Gourm    .   c - +0 shield
rNeg     . . .     Faith    .   b - +0 scale mail
rPois    .         Spirit   .   (no helmet)
rElec    .         Reflect  .   m - +0 cloak
rCorr    .         Harm     .   (no gloves)
MR       .....                  (no boots)
Stlth    ..........             (no amulet)
HPRegen  0.13/turn              h - ring of attention (curse)
MPRegen  0.09/turn              (no ring)

@: no status effects
A: hooves 1, spiny 2
a: no special abilities


You were on level 3 of the Dungeon.
You were not hungry.

You visited 1 branch of the dungeon, and saw 3 of its levels.

You collected 166 gold pieces.

Inventory:

Hand Weapons
 a - a +0 war axe (weapon)
Armour
 b - a +0 scale mail (worn)
 c - a +0 shield (worn)
 m - a +0 cloak (worn)
Jewellery
 h - a cursed ring of attention (left hand)
Scrolls
 e - 4 scrolls of identify {unknown}
 j - a scroll of immolation {unknown}
 l - a scroll of fear {unknown}
 n - 2 scrolls of teleportation {unknown}
 o - a scroll of enchant armour {unknown}
 q - 2 scrolls of remove curse {unknown}
Potions
 d - a potion of might
 i - 2 potions of agility {unknown}
 k - a potion of brilliance {unknown}
 p - a potion of ambrosia {unknown}
Comestibles
 f - 4 rations
 g - 2 chunks of flesh


   Skills:
 + Level 3.6 Fighting
 + Level 3.2 Axes
 + Level 3.1 Armour
 + Level 1.0 Dodging
 + Level 0.3 Stealth
 + Level 3.2 Shields


You had 4 spell levels left.
You didn't know any spells.
Your spell library contained the following spells:

 Spells                   Type           Power        Failure   Level  Hunger
 Magic Dart               Conj           #...         99%         1    ##.....
 Blink                    Tloc           N/A          100%        2    ###....
 Call Imp                 Summ           #.......     100%        2    ###....
 Slow                     Hex            #.......     100%        2    ###....
 Conjure Flame            Conj/Fire      #.......     100%        3    ####...
 Mephitic Cloud           Conj/Pois/Air  #.......     100%        3    ####...


Dungeon Overview and Level Annotations

Branches:
Dungeon (3/15)

Altars:


Innate Abilities, Weirdness & Mutations

You have large cloven feet.
You are mostly covered in sharp spines.


Message History

The adder bites you but does no damage.
The orc priest is struck by your spines.
The orc priest hits you but does no damage.
You closely miss the orc priest.
The orc priest is lightly wounded.
You miss the adder. The bat is struck by your spines.
You kill the bat!
The adder completely misses you. The adder barely misses you.
The orc priest hits you.
* * * LOW HITPOINT WARNING * * *
You slash the adder!
You kill the adder!
Your Dodging skill increases to level 1!
You have reached level 5!
Your demonic ancestry asserts itself...
Your feet thicken and deform.
You closely miss the orc priest.
The orc priest mumbles some strange prayers to Beogh against you.
Beogh smites you!
You die...

.....####
........#
....(.)#
#.....# #.....#
## #.....# .#
#....)#####..
.#
#...o@'......
.#
#.....########
.#
#.............
##
####.#.######..
#.............
########
#............#
.......#
#.....####.#..
.......#
###'#.# #
......(###
####.#...


You could see an orc priest.

Vanquished Creatures
  An orc priest (D:3)
  4 adders
  An ooze (D:3)
  2 worms
  2 dart slugs (D:2)
  2 orcs (D:3)
  2 ball pythons
  2 giant cockroaches (D:1)
  7 goblins
  7 hobgoblins
  6 jackals (D:1)
  6 bats
  4 frilled lizards
  9 kobolds
  6 rats
61 creatures vanquished.

Notes
Turn   | Place    | Note
-------+----------+-------------------------------------------
     0 | D:1      | galech the Demonspawn Fighter began the quest for the Orb.
     0 | D:1      | Reached XP level 1. HP: 18/18 MP: 1/1
   146 | D:1      | Gained mutation: You are partially covered in sharp spines.
                  | [demonic ancestry]
   146 | D:1      | Reached XP level 2. HP: 20/24 MP: 2/2
   594 | D:2      | Reached XP level 3. HP: 29/29 MP: 3/3
   882 | D:2      | Gained mutation: You are mostly covered in sharp spines.
                  | [demonic ancestry]
   882 | D:2      | Reached XP level 4. HP: 33/35 MP: 4/4
  1366 | D:3      | Reached skill level 1 in Dodging
  1366 | D:3      | Gained mutation: You have large cloven feet. [demonic
                  | ancestry]
  1366 | D:3      | Reached XP level 5. HP: 11/41 MP: 5/5
  1366 | D:3      | Killed from afar by an orc priest

Vault maps used:
D:1:      dpeg_arrival_tiny_i, minmay_misc_feat_ornament, st_stairs_13
D:2:      first_ration, kennysheep_minor_cross, hangedman_decor_diamond_cutter
D:3:      yredelemnul_altar_generic

Skill      XL: |  1  2  3  4 |
---------------+-------------+-----
Shields        | 3 |  3.2
Armour         | 3 |  3.1
Axes           | 2 3 |  3.2
Dodging        | 1 |  1.0
Fighting       | |  3.6
Stealth        | |  0.3

Action                   |  1- 3 |  4- 6 || total
-------------------------+-------+-------++-------
Melee: War axe           |    91 |    27 ||   118
  Eat: Chunk             |       |     2 ||     2
Armor: Scale mail        |    46 |    10 ||    56
Dodge: Dodged            |    28 |     7 ||    35
Block: Shield            |    50 |    19 ||    69

Table legend:
 A = Non-vault XP
 B = Vault XP
 C = Vault XP percentage of total XP
 D = Non-vault monster count
 E = Vault monster count
 F = Vault count percentage of total count
                 A         B        C        D         E       F
            +---------+---------+-------+---------+---------+-------
      Total |     203 |       1 |   0.5 |      60 |       1 |   1.6
            +---------+---------+-------+---------+---------+-------
        D:1 |      38 |       1 |   2.6 |      23 |       1 |   4.2
        D:2 |      88 |       0 |   0.0 |      27 |       0 |   0.0
        D:3 |      77 |       0 |   0.0 |      10 |       0 |   0.0
            +---------+---------+-------+---------+---------+-------
